 Dungeon Crawl Stone Soup version 0.30-a0-269-gf0224bf7b6 (webtiles) character file.

Game seed: 9427288545172182628

5 lonewolfV2 the Chopper (level 1, -1/18 HPs)
             Began as a Human Berserker on Oct 15, 2022.
             Was a Follower of Trog.
             Killed from afar by a dart slug (4 damage)
             ... with a slug dart
             ... on level 1 of the Dungeon.
             The game lasted 00:00:25 (370 turns).

lonewolfV2 the Chopper (Human Berserker)             Turns: 370, Time: 00:00:25

Health: -1/18      AC:  2    Str: 17    XL:     1   Next: 88%
Magic:  1/1        EV: 12    Int:  7    God:    Trog [*.....]
Gold:   14         SH:  0    Dex: 12    Spells: 0/0 levels left

rFire   . . .      SeeInvis .    a - +0 hand axe
rCold   . . .      Faith    .    (no shield)
rNeg    . . .      Spirit   .    b - +0 animal skin
rPois   .          Reflect  .    (no helmet)
rElec   .          Harm     .    (no cloak)
rCorr   .          Rampage  .    (no gloves)
Will    .....                    (no boots)
Stlth   +.........               (no amulet)
HPRegen 0.23/turn                (no ring)
MPRegen 0.07/turn                (no ring)

@: no status effects
A: no striking features
a: Renounce Religion, Berserk


You were on level 1 of the Dungeon.
You worshipped Trog.
Trog was aware of your devotion.
You visited 1 branch of the dungeon, and saw 1 of its levels.

You collected 14 gold pieces.

Inventory:

Hand Weapons
 a - a +0 hand axe (weapon)
Armour
 b - a +0 animal skin (worn)
Potions
 c - a potion of flight {unknown}


   Skills:
 + Level 3.1 Fighting
 + Level 3.1 Axes
 + Level 2.0 Armour
 + Level 2.0 Dodging


You couldn't memorise any spells.
You didn't know any spells.
Your spell library was empty.

Dungeon Overview and Level Annotations

Branches:
Dungeon (1/15)

Altars:


Message History

You hit the bat but do no damage. The bat barely misses you.
The bat misses you. The bat hits you but does no damage.
The bat hits you but does no damage.
You hit the bat but do no damage. The bat barely misses you.
A quokka comes into view.
A quokka is nearby!
A quokka is nearby!
A quokka is nearby!
The quokka closely misses you.
You hit the quokka but do no damage. The quokka barely misses you.
The quokka closely misses you.
You closely miss the quokka. The bat closely misses you.
The quokka closely misses you.
You hit the quokka but do no damage. The bat barely misses you.
The quokka barely misses you. The bat hits you.
You barely miss the quokka. You hit the bat. The bat closely misses you.
The quokka closely misses you.
The quokka bites you but does no damage.
You barely miss the quokka. The quokka bites you.
You hit the quokka.
The quokka is moderately wounded.
The quokka bites you. x2
You barely miss the quokka.
The quokka is moderately wounded.
The quokka bites you but does no damage.
You barely miss the quokka.
The quokka is moderately wounded.
The quokka bites you.
* * * LOW HITPOINT WARNING * * *
You hit the quokka.
You kill the quokka!
Trog accepts your kill.
A dart slug comes into view.
The dart slug launches a dart at you. The slug dart hits you.
* * * LOW HITPOINT WARNING * * *
The dart slug launches a dart at you. The slug dart hits you.
You die...

'##
##..........############
.[#
...........#...#........
..#
.######.##.####......[...
..# # #..................
<.# #.##..#####........
..# .. ##.# ######### ..#
. #.# ..# #.# +## #@# #.#
#.# ... ... ..... ...w.
.......


You could see a dart slug.

Vanquished Creatures
  An endoplasm (D:1)
  A hobgoblin (D:1)
  A quokka (D:1)
  A frilled lizard (D:1)
  A rat (D:1)
5 creatures vanquished.

Notes
Turn   | Place    | Note
-------+----------+-------------------------------------------
     0 | D:1      | lonewolfV2 the Human Berserker began the quest for the Orb.
     0 | D:1      | Reached XP level 1. HP: 18/18 MP: 1/1
   370 | D:1      | Killed from afar by a dart slug

Illustrated notes

Levels and vault maps discovered:
D:1:      minmay_arrival_up_and_down, layout_rooms

Action                   || total
-------------------------++-------
Melee: Hand axe          ||    18
Armor: Animal skin       ||     4
Dodge: Dodged            ||    18

Table legend: (Time is in decaauts)
 A = Elapsed time spent in this place.
 B = Non-inter-level travel time spent in this place.
 C = Inter-level travel time spent in this place.
 D = Time resting spent in this place.
 E = Time spent auto-exploring this place.
 F = Levels seen in this place.
 G = Mean time per level.
                   A        B        C        D        E       F      G
               +--------+--------+--------+--------+--------+-----+--------+
         Total |    372 |    372 |      0 |    285 |     30 |   1 |  372.0 |
       Dungeon |    372 |    372 |      0 |    285 |     30 |   1 |  372.0 |
               +--------+--------+--------+--------+--------+-----+--------+

Top non-repeatable levels by time:
     D:1: 372 daAuts
